 Dungeon Crawl Stone Soup version 0.30.0-19-g36f170ea60 (webtiles) character file.

Game seed: 4829360478741221955

1685 monsoonserge the Conjurer (level 8, -3/67 HPs)
             Began as a Grey Draconian Conjurer on May 29, 2023.
             Slain by a manticore (8 damage)
             ... on level 7 of the Dungeon.
             The game lasted 00:21:25 (5795 turns).

monsoonserge the Conjurer (Grey Draconian Conjurer) Turns: 5795, Time: 00:21:26

Health: -3/67      AC: 13    Str: 10    XL:     8   Next: 71%
Magic:  4/12       EV: 13    Int: 21    God:
Gold:   298        SH:  0    Dex:  9    Spells: 3/13 levels left

rFire   . . .        x - staff of conjuration
rCold   + . .        (no shield)
rNeg    . . .        (body armour unavailable)
rPois   .            (helmet restricted)
rElec   .            (no cloak)
rCorr   .            (no gloves)
SInv    .            p - +1 pair of boots {Fly}
Will    .....        (no amulet)
Stlth   ++           j - ring of protection from cold
HPRegen 0.31/turn    (no ring)
MPRegen 0.13/turn

%: no passive effects
@: flying
A: AC +11, amphibious, unfitting armour, cold-blooded
a: no special abilities


You were on level 7 of the Dungeon.
You visited 1 branch of the dungeon, and saw 7 of its levels.

You collected 298 gold pieces.

Inventory:

Hand Weapons
 n - a +2 dagger of speed
 r - a +1 flail of holy wrath
 u - a +0 dagger of venom
Missiles
 c - 21 stones
 g - 4 boomerangs (quivered)
 D - 4 poisoned darts
Armour
 p - a +1 pair of boots of flying (worn)
Magical Staves
 x - a staff of conjuration (weapon)
Jewellery
 j - a ring of protection from cold (left hand)
Wands
 b - a wand of digging (3)
 B - a wand of roots (12)
Scrolls
 e - a scroll of amnesia {unknown}
 h - a scroll of summoning {unknown}
 i - 7 scrolls of identify {unknown}
 k - 4 scrolls of teleportation {unknown}
 y - 2 scrolls of magic mapping {unknown}
 C - a scroll of enchant armour {unknown}
 E - a scroll of vulnerability {unknown}
Potions
 a - a potion of magic
 d - 2 potions of curing
 f - a potion of mutation {unknown}
 l - 4 potions of attraction {unknown}
 m - a potion of experience {unknown}
 o - 2 potions of haste {unknown}
 q - 2 potions of cancellation {unknown}
 s - a potion of berserk rage {unknown}
 t - a potion of might {unknown}
 v - 3 potions of flight {unknown}
 w - a potion of resistance {unknown}
 z - 3 potions of heal wounds {unknown}
 A - a potion of invisibility {unknown}


   Skills:
 + Level 4.5 Fighting
 - Level 2.0 Short Blades
 - Level 2.6(3.8) Maces & Flails
 + Level 4.2(4.6) Staves
 + Level 1.2 Throwing
 + Level 4.8 Dodging
 - Level 2.0 Stealth
 + Level 0.1 Unarmed Combat
 - Level 3.0 Spellcasting
 + Level 6.1 Conjurations
 * Level 2.0 Hexes
 - Level 2.0 Evocations


You had 3 spell levels left.
You knew the following spells:

 Your Spells              Type           Power      Damage    Failure   Level
a - Magic Dart            Conj           100%       1d8       1%          1
b - Searing Ray           Conj           86%        2d7       1%          2
c - Dazzling Flash        Conj/Hex       60%        N/A       8%          3
d - Fulminant Prism       Conj/Hex       15%        3d11      26%         4

Your spell library contained the following spells:

 Spells                   Type           Power      Damage    Failure   Level
 Slow                     Hex            44%        N/A       6%          1
 Confusing Touch          Hex            11%        N/A       17%         3
 Vampiric Draining        Necr           3%         2d6       36%         3
 Volatile Blastmotes      Fire/Tloc      6%         2d10      36%         3
 Iskenderun's Mystic Bla  Conj/Tloc      24%        2d7       36%         4
 Irradiate                Conj/Tmut      12%        3d15      71%         5
 Blade Hands              Tmut           1%         N/A       98%         5
 Starburst                Conj/Fire      12%        6d5       99%         6
 Dragon Form              Tmut           1%         N/A       100%        7


Dungeon Overview and Level Annotations

Branches:
Dungeon (7/15)
 Temple: D:4-7

Altars:
Cheibriados
Gozag
Ru
Sif Muna
Uskayaw
Xom

Shops:
D:5 (


Innate Abilities, Weirdness & Mutations

Your dull iron-grey scales are very hard. (AC +11)
You are amphibious.
You cannot fit into any form of body armour.
You are cold-blooded and may be slowed by cold attacks.


Message History

Aiming: Searing Ray (safe; 1% risk of failure)
Press: ? - help, Shift-Dir - straight line, f - manticore
Aim: a manticore (89% to hit)
You feel a surge of power!
The searing ray hits the manticore!
The manticore is lightly wounded. (Press . to maintain the ray.)
The manticore barely misses you. The manticore claws you.
The manticore claws you but does no damage.
The searing ray hits the manticore.
The manticore is moderately wounded.
The manticore misses you.
The manticore claws you but does no damage.
The manticore claws you.
The searing ray hits the manticore!
The manticore is heavily wounded.
The manticore bites you! The manticore closely misses you.
The manticore claws you but does no damage.
The searing ray hits the manticore!
The manticore is severely wounded.
You finish channelling your searing ray.
The manticore bites you! The manticore barely misses you.
The manticore claws you but does no damage.
Casting: Searing Ray (safe; 1% risk of failure)
Confirm with . or Enter, or press ? or * to list all spells.
Aiming: Searing Ray (safe; 1% risk of failure)
Press: ? - help, Shift-Dir - straight line, f/p - manticore
Aim: a manticore (severely wounded, 89% to hit)
You feel a surge of power!
The searing ray hits the manticore!
The manticore is almost dead. (Press . to maintain the ray.)
The manticore bites you!
* * * LOW HITPOINT WARNING * * *
The manticore claws you but does no damage.
The manticore closely misses you.
The searing ray misses the manticore.
The manticore bites you!
* * * LOW HITPOINT WARNING * * *
The manticore claws you.
* * * LOW HITPOINT WARNING * * *
The manticore claws you!
You die...

..
....#####
#...H.#
###@#
#...#
#.### #.#
#<# ###


You could see a manticore.

Vanquished Creatures
  A water moccasin (D:6)
  2 black bears (D:6)
  An ice beast (D:6)
  2 ogres (D:4)
  2 phantoms
  A bullfrog (D:6)
  A kobold brigand (D:6)
  4 scorpions
  4 hounds
  A jelly (D:6)
  An orc priest (D:4)
  2 sleepcaps
  2 orc wizards (D:3)
  6 iguanas
  7 adders
  An ufetubus (D:4)
  2 worms
  A dart slug (D:1)
  20 orcs
  10 endoplasms
  2 giant cockroaches
  5 goblins
  12 hobgoblins
  6 jackals
  12 kobolds
  3 quokkas
  A ball python (D:1)
  6 bats
  5 frilled lizards
  5 rats
128 creatures vanquished.

Notes
Turn   | Place    | Note
-------+----------+-------------------------------------------
     0 | D:1      | monsoonserge the Draconian Conjurer began the quest for the
                  | Orb.
     0 | D:1      | Reached XP level 1. HP: 14/14 MP: 3/3
   201 | D:1      | Reached XP level 2. HP: 19/20 MP: 0/5
   277 | D:1      | Learned a level 2 spell: Searing Ray
   402 | D:1      | Found a faded altar of an unknown god.
   623 | D:1      | Reached XP level 3. HP: 27/27 MP: 6/6
  1423 | D:2      | Reached skill level 1 in Maces & Flails
  1631 | D:3      | Reached skill level 1 in Fighting
  1806 | D:3      | Reached XP level 4. HP: 35/35 MP: 4/7
  2076 | D:3      | Reached XP level 5. HP: 16/41 MP: 1/8
  2636 | D:4      | Noticed an ogre
  2641 | D:4      | Killed an ogre
  2642 | D:4      | Reached skill level 1 in Short Blades
  2642 | D:4      | Reached skill level 5 in Conjurations
  2680 | D:4      | Reached XP level 6. HP: 30/50 MP: 0/10
  2685 | D:4      | HP: 2/50 [poisoned by a goblin]
  2954 | D:4      | Learned a level 3 spell: Dazzling Flash
  3021 | D:4      | Reached skill level 1 in Evocations
  3336 | D:4      | Reached skill level 1 in Hexes
  3347 | D:4      | Your scales start taking on a dull iron-grey colour.
  3347 | D:4      | Reached XP level 7. HP: 52/57 MP: 4/11
  3460 | D:4      | Found a hide-covered altar of Uskayaw.
  3577 | D:5      | Entered Level 5 of the Dungeon
  3577 | D:5      | Found a shimmering blue altar of Sif Muna.
  3577 | D:5      | Found an opulent altar of Gozag.
  3736 | D:5      | Reached skill level 1 in Staves
  4429 | D:5      | Found a sacrificial altar of Ru.
  4429 | D:5      | Found a shimmering altar of Xom.
  4460 | D:5      | Found Utemeticy's Weapon Shoppe.
  4467 | D:5      | Reached XP level 8. HP: 66/66 MP: 9/12
  4736 | D:6      | Reached skill level 1 in Throwing
  5263 | D:6      | Found a snail-covered altar of Cheibriados.
  5311 | D:6      | Reached skill level 6 in Conjurations
  5655 | D:6      | Learned a level 4 spell: Fulminant Prism
  5789 | D:7      | Noticed a manticore
  5795 | D:7      | Slain by a manticore

Illustrated notes

Levels and vault maps discovered:
D:1:      mushboom_english_gardens, layout_basic,
          shapermc_ecumenical_altar_totnotflames, glass_columns_a,
          chequers_serial_rivers_micro_c
D:2:      layout_rooms
D:3:      layout_basic
D:4:      layout_cave_pools, nicolae_uskayaw_dance_hall
D:5:      wander_river, layout_loops_cross, grunt_temple_overflow_open,
          gammafunk_temple_overflow_wave, serial_shops, nicolae_diamond_shop
D:6:      layout_basic, mainiacjoe_overflow_paths,
          hangedman_decor_diamond_cutter
D:7:      kennysheep_slugbush, layout_basic, minmay_temple_entry_hall,
          serial_shops, nicolae_shop_crystal, lemuel_flame_loot_1

Skill      XL: |  1  2  3  4  5  6  7  8 |
---------------+-------------------------+-----
Stealth        | 2 |  2.0
Dodging        | 2 3 4 |  4.8
Maces & Flails | 1 2 |  2.6
Fighting       | 1 2 3 4 |  4.5
Short Blades   | 1 2 |  2.0
Conjurations   | 5 6 |  6.1
Spellcasting   | 3 |  3.0
Evocations     | 1 2 |  2.0
Hexes          | 1 2 |  2.0
Staves         | 2 4 |  4.2
Throwing       | 1 |  1.2
Unarmed Combat | |  0.1

Action                     |  1- 3 |  4- 6 |  7- 9 || total
---------------------------+-------+-------+-------++-------
  Melee: Unarmed           |    10 |       |       ||    10
         Whip              |    50 |       |       ||    50
         Tailslap          |     5 |     6 |    11 ||    22
         Dagger            |    22 |    43 |       ||    65
         Punch             |       |     1 |     1 ||     2
         Flail             |       |    22 |       ||    22
         Staff             |       |    27 |    48 ||    75
  Throw: Boomerang         |     2 |     2 |     2 ||     6
   Cast: Magic Dart        |    28 |     5 |       ||    33
         Searing Ray       |    19 |    24 |    33 ||    76
    Use: Potion            |       |     1 |       ||     1
   Stab: Sleeping          |     3 |     1 |     2 ||     6
 Armour: Skin              |    31 |    48 |    40 ||   119
  Dodge: Dodged            |    58 |    51 |    44 ||   153
